Map: Rorschach LE

Players

GhostRobo

  • Race: Terran Terran
  • League: Silver
  • Spawn Location: 5:00

A.I. 1 (Very Easy)

  • Race: Terran Terran
  • Spawn Location: 7:00

VOD

Have the link to the VOD?

Description

Time

  • Played on: July 12, 2026, 11:50 a.m.
  • Length: 20:07
Show
View Real Time Build Order
Export as new Build Order

GhostRobo Terran 

Build Orders: Reaper Expand 

Get SALT Encoding   

  8  0:00  SCV  
  9  0:12  SCV  
  10  0:24  SCV  
  11  0:32  Supply Depot  
  11  0:38  SCV  
  12  0:50  SCV  
  13  0:59  Barracks  
  13  1:07  Refinery  
  13  1:09  SCV  
  14  1:21  SCV  
  15  1:34  SCV  
  16  1:46  Orbital Command  
  16  1:51  Reaper  
  17  2:16  Command Center  
  17  2:17  SCV  
  18  2:25  Marine  
  19  2:30  SCV  
  19  2:36  Supply Depot  
  20  2:42  SCV  
  21  2:53  Barracks Reactor  
  21  2:57  SCV  
  22  2:58  Factory  
  22  3:09  SCV  
  23  3:19  Refinery  
  23  3:21  SCV  
  24  3:29  Orbital Command  
  24  3:33  Bunker  
  24  3:34  SCV  
  25  3:37  Marine  
  25  3:38  Marine  
  27  3:46  Factory Tech Lab, SCV  
  28  3:49  Starport  
  28  3:55  Marine x2  
  28  3:58  SCV  
  28  4:01  SCV  
  32  4:09  Siege Tank  
  35  4:10  SCV  
  35  4:13  Marine x2  
  35  4:16  SCV  
  39  4:24  SCV  
  40  4:32  Supply Depot  
  40  4:33  Starport Tech Lab  
  40  4:38  Supply Depot  
  40  4:42  SCV x2  
  42  4:54  Marine x2, Siege Tank  
  42  4:59  Raven  
  50  5:00  SCV x2  
  51  5:11  Marine  
  51  5:12  SCV x2, Marine  
  55  5:24  SCV x2  
  55  5:28  Barracks  
  57  5:29  Barracks, Marine  
  58  5:36  Supply Depot  
  58  5:37  Supply Depot  
  58  5:39  Marine  
  58  5:40  SCV x2, Siege Tank  
  64  5:49  Refinery  
  64  5:52  SCV x2  
  64  5:53  Engineering Bay  
  66  5:57  Refinery  
  66  5:58  Marine, Engineering Bay  
  67  6:04  SCV x2  
  69  6:16  SCV x2  
  69  6:17  Starport Reactor, Barracks Reactor  
  71  6:28  SCV x2  
  76  6:34  Orbital Command  
  76  6:40  SCV x2  
  78  6:47  SCV x8  
  80  7:00  SCV  
  9  7:12  SCV  
  10  7:25  SCV  
  11  7:31  Supply Depot  
  11  7:37  SCV  
  12  7:49  SCV  
  13  7:57  Barracks  
  13  8:04  Refinery  
  13  8:06  SCV  
  14  8:18  SCV  
  15  8:30  SCV  
  16  8:43  Orbital Command  
  16  8:47  Reaper  
  17  9:10  Command Center  
  17  9:14  SCV  
  18  9:21  Marine  
  19  9:28  SCV  
  20  9:33  Supply Depot  
  20  9:40  SCV  
  21  9:51  Factory  
  21  9:55  SCV  
  22  10:07  SCV  
  23  10:15  Barracks Reactor  
  23  10:19  SCV  
  24  10:25  Refinery  
  25  10:31  SCV  
  25  10:34  Orbital Command  
  25  10:37  Bunker  
  25  10:40  Factory Tech Lab  
  25  10:43  Starport  
  25  10:47  SCV  
  26  10:54  Marine x2  
  28  10:59  SCV  
  32  11:04  Siege Tank  
  32  11:06  SCV  
  33  11:11  SCV  
  34  11:18  SCV  
  34  11:21  Supply Depot  
  34  11:24  Marine x2  
  37  11:26  SCV  
  37  11:28  Supply Depot  
  37  11:30  SCV  
  39  11:34  Starport Tech Lab  
  39  11:49  SCV x2  
  39  11:50  Supply Depot, Marine x2, Barracks  
  39  11:53  Barracks  
  43  11:56  Raven  
  43  12:00  Cyclone  
  43  12:01  SCV  
  49  12:03  SCV  
  49  12:08  Marine x2  
  51  12:13  SCV  
  51  12:15  SCV  
  54  12:22  Supply Depot  
  54  12:25  SCV  
  54  12:26  Marine x2  
  54  12:27  SCV  
  58  12:37  SCV  
  58  12:38  Starport Reactor  
  58  12:39  SCV  
  58  12:41  Refinery x2  
  58  12:43  Marine  
  58  12:44  Marine, Barracks Reactor  
  61  12:49  SCV  
  61  12:51  SCV  
  64  12:58  Stimpack  
  64  13:01  SCV  
  64  13:03  SCV  
  64  13:04  Engineering Bay  
  64  13:05  Engineering Bay  
  66  13:13  Marine, SCV  
  66  13:15  Marine, SCV  
  66  13:18  Medivac, Command Center  
  72  13:26  SCV  
  73  13:27  SCV  
  73  13:29  Terran Infantry Weapons Level 1  
  74  13:39  Supply Depot  
  74  13:43  Supply Depot  
  74  13:54  Barracks  
  74  13:58  Barracks  
  74  14:00  Terran Infantry Armor Level 1  
  74  14:01  Marine x2, SCV x2  
  78  14:05  Armory  
  78  14:13  SCV x2  
  78  14:14  Marine x3  
  83  14:17  Siege Tank  
  83  14:18  Medivac x2  
  90  14:28  Supply Depot  
  90  14:30  Marine x2, SCV x2  
  94  14:31  Supply Depot x2  
  94  14:32  Marine  
  94  14:33  Orbital Command  
  94  14:38  Combat Shield, Marine  
  95  14:39  Marine  
  95  14:42  SCV x2  
  99  14:45  Barracks Reactor  
  99  14:46  Barracks Tech Lab  
  99  14:48  Marine x2  
  99  14:49  Marine  
  99  14:50  Siege Tank  
  99  14:52  Medivac  
  107  14:54  SCV x2  
  107  14:57  Marauder  
  111  15:06  SCV x2  
  111  15:07  Refinery  
  113  15:10  Refinery  
  113  15:12  SCV  
  114  15:15  Marine x3  
  114  15:18  Marauder, SCV x2  
  121  15:23  Siege Tank  
  121  15:24  SCV  
  121  15:27  Terran Infantry Weapons Level 2  
  125  15:31  SCV x2  
  127  15:41  SCV  
  127  15:51  Terran Vehicle Weapons Level 1  
  127  15:53  Supply Depot  
  127  15:56  Supply Depot x2  
  127  15:57  Supply Depot  
  127  16:14  Marine  
  127  16:15  Medivac x2, Siege Tank  
  127  16:17  Marine x7, SCV x3  
  145  16:24  Barracks  
  145  16:25  Barracks  
  145  16:30  Supply Depot x2  
  145  16:32  Supply Depot, Marine  
  145  16:35  Marine x2, Marauder x2  
  145  16:37  Command Center  
  152  16:47  Siege Tank  
  152  16:50  Marine  
  152  16:52  Terran Infantry Armor Level 2  
  156  16:55  SCV  
  156  16:57  Marauder x2  
  161  17:09  Factory  
  161  17:12  Starport, Marine  
  161  17:13  Marine x4  
  161  17:15  Medivac x2  
  170  17:17  Marine x2  
  170  17:18  Marauder  
  170  17:19  Siege Tank  
  177  17:25  SCV x2  
  179  17:30  Marine  
  179  17:31  Marine x3  
  183  17:41  Supply Depot  
  183  17:43  Supply Depot x2  
  183  17:45  Terran Vehicle Weapons Level 2  
  183  17:49  Medivac  
  188  17:51  Siege Tank, Marine x2  
  188  17:52  Marine, Marauder x2  
  195  18:02  Starport Reactor  
  195  18:03  Viking  
  195  18:04  Factory Tech Lab  
  197  18:21  Planetary Fortress  
  197  18:23  Siege Tank, Missile Turret  
  200  18:32  Barracks x2  
  200  18:36  Barracks  
  198  19:24  Command Center  
  198  19:27  Command Center  
  198  19:33  Command Center  
Show
View Real Time Build Order
Export as new Build Order

A.I. 1 (Very Easy) Terran 

Build Orders:  

Get SALT Encoding   

  8  0:00  SCV  
  9  0:13  SCV  
  10  0:25  SCV  
  11  0:37  SCV  
  12  0:46  Supply Depot  
  12  0:49  SCV  
  13  1:06  Refinery  
  13  1:07  SCV  
  13  1:09  Barracks  
  14  1:36  Supply Depot  
  14  1:42  Refinery  
  14  1:56  Marine  
  14  1:57  Orbital Command  
  15  2:24  SCV  
  15  2:27  Marine  
  17  2:36  SCV  
  18  2:48  SCV  
  19  2:58  Marine  
  20  3:00  SCV  
  21  3:12  SCV  
  22  3:15  Supply Depot  
  22  3:24  SCV  
  23  5:40  SCV  
  23  5:41  Marine  
  23  5:42  Supply Depot  
  25  5:44  Factory  
  25  5:52  SCV  
  26  6:04  SCV  
  27  6:13  Barracks Tech Lab  
  27  6:16  SCV  
  25  6:28  Starport, SCV  
  25  6:31  Marine  
  27  6:34  Orbital Command  
  27  6:41  SCV  
  28  6:47  SCV x8  
  28  6:52  Command Center  
  8  7:12  Supply Depot  
  8  7:48  Barracks  
  8  8:49  Orbital Command  
  8  9:08  Marine  
  8  9:09  Refinery  
  9  9:16  SCV  
  10  9:40  Marine  
  10  9:43  SCV  
  10  9:45  Refinery  
  12  9:55  SCV  
  13  10:03  Supply Depot  
  13  10:07  SCV  
  13  10:13  Marine  
  15  10:19  SCV  
  16  10:31  SCV  
  17  10:41  Marine  
  18  10:43  SCV  
  19  10:52  Factory  
  19  10:55  SCV  
  20  11:08  SCV  
  21  11:20  SCV  
  22  11:32  SCV  
  22  11:39  Starport  
  20  11:43  Marine  
  20  11:44  SCV  
  20  11:45  Supply Depot  
  22  12:16  Marine  
  22  12:17  Starport Tech Lab  
  23  12:35  Medivac  
  23  12:36  Marine  
  26  12:54  Supply Depot  
  26  13:06  Raven  
  28  13:15  SCV  
  29  13:23  Barracks Tech Lab  
  29  13:27  SCV  
  29  13:31  Supply Depot  
  29  13:39  SCV  
  29  13:40  Medivac  
  29  13:41  Marauder  
  34  13:51  SCV  
  35  14:00  Factory Tech Lab  
  35  14:03  SCV  
  36  14:10  Raven  
  36  14:16  SCV  
  39  14:22  Siege Tank  
  42  14:28  SCV  
  43  14:40  SCV  
  43  14:44  Raven  
  46  14:52  Marine  
  47  14:54  Supply Depot  
  47  15:10  Marine  
  48  15:19  Supply Depot  
  48  15:27  Marine  
  44  15:44  Medivac  
  44  15:46  Marauder  
  42  16:07  Reaper  
  43  16:14  Raven  
  45  16:41  Marine  
  46  16:59  Marauder  
  48  17:20  Marauder  
  50  17:41  Marine  
  51  17:59  Marine  
  52  18:17  Marine  
  53  18:35  Marine  
  54  18:47  Siege Tank  
  54  18:48  Supply Depot  
  57  19:00  Reaper  
  58  19:12  Raven  
  33  19:19  Siege Tank  
  36  19:34  Marine  
Tags
 
League
Silver
Matchup
TvT
Race
Terran
Spawn Locations
Close Positions
Add a new tag
Caveats
  • Supply blocks, unpowered buildings, or Contaminate may cause inaccurate times.
  • Supply counts are checked every 10 seconds.